 Dungeon Crawl Stone Soup version 0.14-a0-3509-g488b3d4 (webtiles) character file.

261 Sabsy the Sneak (level 4, -5/44 HPs)
             Began as an Ogre Assassin on Mar 26, 2014.
             Slain by a worker ant (7 damage)
             ... on Level 4 of the Dungeon.
             The game lasted 00:10:00 (3090 turns).

Sabsy the Sneak (Ogre Assassin)                     Turns: 3090, Time: 00:10:00

HP  -5/44        AC  4     Str 16      XL: 4   Next: 93%
MP   4/4         EV 14     Int 10      God:
Gold 149         SH  0     Dex 17      Spells:  0 memorised,  3 levels left

rFire  . . .     SeeInvis .     a - +2 club
rCold  . . .     Clarity  .     c - +0 robe
rNeg   . . .     Conserve .     (shield restricted)
rPois  .         rCorr    .     (helmet restricted)
rElec  .         rRot     .     d - +0 cloak
SustAb . .       Spirit   .     (gloves unavailable)
rMut   .         Warding  .     (boots unavailable)
Saprov + . .     Stasis   .     (no amulet)
MR     .....                    (no ring)
                                (no ring)

@: agile, lethally poisoned, not resistant to hostile enchantments, quite
stealthy
A: unfitting armour, fast metabolism 1, saprovore 1, tough skin 1
a: no special abilities


You were on level 4 of the Dungeon.
You were very hungry.

You visited 1 branch of the dungeon, and saw 4 of its levels.

You collected 149 gold pieces.

Inventory:

Hand weapons
 a - a +2,+2 club (weapon)
 b - a +2 blowgun
Missiles
 e - 19 poisoned needles
 f - 2 curare-tipped needles
 r - 2 darts (quivered)
Armour
 c - a +0 robe (worn)
 d - a +0 cloak (worn)
Comestibles
 g - 2 meat rations
 h - a rotting chunk of bat flesh
 s - a bread ration
Scrolls
 j - a scroll of teleportation
 l - a scroll of fear {unknown}
Potions
 i - a potion of brilliance
 q - a potion of restore abilities {unknown}
 t - a potion of mutation {unknown}
 v - 2 potions of might {unknown}


   Skills:
 - Level 2.6 Fighting
 - Level 2.6 Maces & Flails
 - Level 2.1 Throwing
 - Level 0.8 Dodging
 + Level 5.3 Stealth


You had 3 spell levels left.
You didn't know any spells.

Dungeon Overview and Level Annotations

Branches:
Dungeon (4/15)
 Temple: D:4-7

Altars:

Annotations:
D:4 exclusion: ogre


Innate Abilities, Weirdness & Mutations

You are too large for most types of armour.
You have a fast metabolism.
You can tolerate rotten meat.
You have tough skin (AC +1).


Message History

The worker ant is lightly wounded.
The worker ant completely misses you.
You hit the worker ant.
The worker ant is heavily wounded.
The worker ant barely misses you.
You hit the worker ant but do no damage.
The worker ant is heavily wounded.
The worker ant closely misses you. The worker ant misses you.
You hit the worker ant.
The worker ant is severely wounded.
The worker ant bites you.
* * * LOW HITPOINT WARNING * * *
You are poisoned.
The worker ant poisons you!
You barely miss the worker ant.
The worker ant is severely wounded.
You feel sick. The worker ant bites you!
* * * LOW HITPOINT WARNING * * *
The worker ant bites you!
You die...

#.###. #...#.# #..
#.#.#.# #...##..#.#
#.........#
######...###.#.#
..........#...#.#
........#.#.#.# .....
#@#...# . .. #..#
#a#.#.##.#.. .<..
#a.###.#.#.##.#....O..$
#.(##.............. ...
#......#.#.##..###+ ..
.........#.##.#.........
.
....##.........##..###.
+###....#.##.#.#...#>#
#.####.##.#.....#..


You could see a worker ant.

Vanquished Creatures
  A worker ant (D:4)
  2 adders
  A worm (D:3)
  3 giant geckos
  An ooze (D:3)
  A ball python (D:1)
  10 bats
  2 giant cockroaches (D:1)
  7 hobgoblins
  A jackal (D:3)
  8 kobolds
  6 giant newts
  7 goblins
  8 rats
58 creatures vanquished.

Vanquished Creatures (others)
  4 toadstools (D:1)
4 creatures vanquished.

Grand Total: 62 creatures vanquished

Notes
Turn   | Place    | Note
--------------------------------------------------------------
     0 | D:1      | Sabsy, the Ogre Assassin, began the quest for the Orb.
     0 | D:1      | Reached XP level 1. HP: 22/22 MP: 1/1
   110 | D:1      | Reached XP level 2. HP: 29/29 MP: 2/2
   194 | D:1      | Reached skill level 4 in Stealth
   567 | D:1      | Reached XP level 3. HP: 36/36 MP: 3/3
  1855 | D:2      | Reached XP level 4. HP: 44/44 MP: 4/4
  2330 | D:3      | Reached skill level 5 in Stealth
  2702 | D:4      | Noticed an ogre
  3090 | D:4      | HP: 2/44 [worker ant (7)]
  3090 | D:4      | Slain by a worker ant

Action                   |  1- 3 |  4- 6 || total
-------------------------+-------+-------++-------
Melee: Club              |   131 |    97 ||   228
 Fire: Blowgun           |     2 |       ||     2
  Use: Scroll            |       |     9 ||     9
       Potion            |       |     5 ||     5
 Stab: Sleeping          |     6 |     4 ||    10
